Cogmind - Beta 13 @@@ ROGUE MODE // 2024.04.05 @ 23:51:01 Player: Lunatic Blue Result: Destroyed by Y-54 Guardian with Gatling Laser Performance ------------- Evolutions (0) 0 Regions Visited (3) 600 Robots Destroyed (43) 215 Value Destroyed (1040) 1040 Prototype IDs (1) 20 Alien Tech Used (0) 0 Bonus (0) 0 TOTAL SCORE: 1875 Bonus ------- None Cogmind --------- Core Integrity 0/250 Matter 129/300 Energy 100/100 System Corruption 0% Temperature Cool (6) Movement Treading (160) Location -7/Recycling Parts ------- > --- POWER (1) -------- (None) > --- PROPULSION (2) --- Light Treads Light Treads > --- UTILITY (2) ------ Large Storage Unit > --- WEAPON (2) ------- Heavy Hammer > --- INVENTORY (15) --- Light Treads Wheel Flight Unit High-capacity Storage Unit Signal Interpreter Propulsion Shielding Light Assault Rifle Mini Grenade Launcher Datajack Peak State ------------ > --- POWER ------------ Improved Ion Engine > --- PROPULSION ------- Light Treads Light Treads > --- UTILITY ---------- Subdweller Optics Power Bank > --- WEAPON ----------- Mini Grenade Launcher Heavy Hammer > --- INVENTORY -------- (None) [Rating: 19] Favorites ----------- Power Improved Ion Engine Engine Improved Ion Engine Propulsion Light Treads Treads Light Treads Leg Aluminum Leg Utility Large Storage Unit Device Improved Heat Sink Storage Large Storage Unit Protection Scrap Shield Weapon Assault Rifle Energy Gun EM Pulse Gun Ballistic Gun Assault Rifle Launcher Mini Grenade Launcher Special Weapon Multitool Impact Weapon Heavy Hammer Build | -11 -10 -10 -7 ------- Run | Yrd Mat Sub Rec Slots Evolved . | . . . . Power . | . . . . Propulsion . | . . . . Utility . | . . . . Weapon . | . . . . Parts Attached 53 | . 20 31 2 Power 2 | . 2 . . Engine 2 | . 2 . . Core . | . . . . Reactor . | . . . . Propulsion 8 | . 5 3 . Treads 8 | . 5 3 . Leg . | . . . . Wheel . | . . . . Hover . | . . . . Flight . | . . . . Utility 12 | . 5 7 . Device 4 | . 2 2 . Storage 6 | . 3 3 . Processor . | . . . . Hackware . | . . . . Protection 2 | . . 2 . Artifact . | . . . . Weapon 31 | . 8 21 2 Energy Gun . | . . . . Energy Cannon . | . . . . Ballistic Gun 19 | . 6 13 . Ballistic Cannon . | . . . . Launcher 6 | . 1 5 . Special Weapon 2 | . . 1 1 Impact Weapon 4 | . 1 2 1 Slashing Weapon . | . . . . Piercing Weapon . | . . . . Special Melee Weapon . | . . . . Unidentified Prototypes 1 | . . 1 . Parts Lost 7 | . . 4 3 Power 1 | . . . 1 Propulsion 2 | . . 2 . Utility 1 | . . 1 . Weapon 3 | . . 1 2 Highest Loss Streak 3 | . . 3 3 To Critical Strikes 1 | . . 1 . Average Slot Usage (%) 87 | . 98 80 76 Engine 13 | . 14 13 8 Treads 26 | . 28 26 28 Device 7 | . 13 3 . Storage 8 | . 14 4 14 Protection 4 | . . 7 . Ballistic Gun 19 | . 26 14 16 Launcher 2 | . . 4 . Impact Weapon 3 | . 1 4 8 Naked Turns . | . . . . Heaviest Build 34 | 14 32 34 32 Greatest Support 40 | 20 40 40 40 Greatest Overweight (x) . | . . . . Average Overweight (x) . | . . . . Largest Inventory Capacity 20 | . 20 15 15 Average Capacity 9 | . 11 7 15 Most Carried 16 | . 16 15 10 Average Carried 8 | . 10 6 9 Final Capacity 15 | 8 15 15 15 Final Carried 15 | 6 15 10 9 Class Distribution -------------------- 85% | Mutant 14% | Subdweller-Mutant Dominant Class ---------------- Mutant | -10/Materials Mutant | -10/Subcaves Mutant | -7/Recycling Resources | -11 -10 -10 -7 ----------- Run | Yrd Mat Sub Rec Matter Collected 1086 | 179 398 509 . Remotely . | . . . . Salvage Created 866 | . 520 346 . Parts 79 | . 43 36 . Haulers Intercepted 2 | . 2 . . Recyclers Shooed . | . . . . Parts Field Recycled . | . . . . Retrieved Matter . | . . . . Parts Self-Destructed 15 | . . 15 . Prevented . | . . . . Kills | -11 -10 -10 -7 ------- Run | Yrd Mat Sub Rec Combat Hostiles Destroyed 30 | . 12 18 . Guns 18 | . 10 8 . AOE 12 | . 2 10 . Classes Destroyed 11 | . 9 2 . Worker 2 | . 2 . . Builder 1 | . 1 . . Tunneler 1 | . 1 . . Hauler 2 | . 2 . . Mechanic 1 | . 1 . . Operator 2 | . 2 . . Turret 1 | . . 1 . Watcher 3 | . 3 . . Swarmer 9 | . 3 6 . Grunt 9 | . 9 . . Subdweller 12 | . . 12 . Best Kill Streak 7 | . 7 4 . Combat Bots Only 4 | . 3 4 . Max Kills in Single Turn 3 | . 2 3 . Gunslinging 1 | . . 1 . Exploded 3 | . 1 3 . Melee . | . . . . Uniques/NPCs Destroyed . | . . . . Combat | -11 -10 -10 -7 -------- Run | Yrd Mat Sub Rec Hostile Shots Fired 227 | . 64 88 75 Missed 65 | . 17 27 21 Damage Taken 1972 | . 639 918 415 Core 255 | . 165 44 46 Absorbed by Shields . | . . . . Core Remaining (%) 100 | 100 . . . Volleys Fired 105 | . 57 47 1 Largest 2 | . 2 2 1 Hottest 60 | . 40 60 30 Shots Fired 181 | . 105 75 1 Gun 161 | . 100 61 . Cannon . | . . . . Launcher 17 | . 5 12 . Special 3 | . . 2 1 Kinetic 161 | . 100 61 . Thermal 3 | . . 2 1 Explosive 17 | . 5 12 . Electromagnetic . | . . . . Robot Hit Streak 12 | . 9 11 12 Robot Miss Streak 7 | . 7 1 . Penetration Max . | . . . . Secondary Targets 4 | . 3 1 . Max Gunslinging Chain 1 | . 1 1 . Shots Hit Robots 124 | . 62 52 10 Core Hits 75 | . 42 32 1 Critical Kills 1 | . 1 . . Critical Parts Destroyed . | . . . . Critical Strikes 1 | . 1 . . Destroy 1 | . 1 . . Melee Attacks 16 | . 3 4 9 Impact 16 | . 3 4 9 Slashing . | . . . . Piercing . | . . . . Sneak Attacks 2 | . 2 . . Combat Hostiles . | . . . . Follow-up Attacks . | . . . . Damage Inflicted 3331 | . 1340 1730 261 Guns 1435 | . 677 758 . Cannons . | . . . . Explosions 1476 | . 515 961 . Melee 399 | . 148 . 251 Ramming . | . . . . Kinetic 1435 | . 677 758 . Thermal 21 | . . 11 10 Explosive 1476 | . 515 961 . Electromagnetic . | . . . . Impact 399 | . 148 . 251 Slashing . | . . . . Piercing . | . . . . Highest Corruption . | . . . . Average Corruption . | . . . . Corruption Purged . | . . . . Corruption Blocked . | . . . . Overload Shots . | . . . . Overflow Damage 121 | . 64 57 . Projectiles . | . . . . Explosions 87 | . 30 57 . Melee 34 | . 34 . . Knockbacks . | . . . . Impact . | . . . . Kinetic . | . . . . Secondary . | . . . . Self-Inflicted Damage 41 | . . 41 . Shots 1 | . . 1 . Rammed . | . . . . Targets Rammed . | . . . . Kicked . | . . . . Crushed . | . . . . Highest Temperature 14 | . 2 . 14 Average Temperature 4 | . 2 . 5 Received Heat Transfer 462 | . 222 114 126 Siege Activations . | . . . . Robots Corrupted . | . . . . Combat Hostiles . | . . . . Parts Fried 1 | . 1 . . Impact Corruptions 1 | . 1 . . Robots Melted . | . . . . Combat Hostiles . | . . . . Parts Melted . | . . . . Heat Transferred 75 | . . 50 25 Parts Sabotaged . | . . . . Parts Stolen . | . . . . Parts Stripped . | . . . . Power Chain Reactions . | . . . . Alert | -11 -10 -10 -7 ------- Run | Yrd Mat Sub Rec Peak Influence 306 | . 299 . 306 Initial 306 | . . . 306 Average 136 | . 131 . 297 Maximum Alert Level 1 | . 1 . 1 Low Security (%) 78 | . 80 . . Level 1 21 | . 19 . 100 Level 2 . | . . . . Level 3 . | . . . . Level 4 . | . . . . Level 5 . | . . . . High Security . | . . . . Max Security . | . . . . Squads Dispatched 4 | . 4 . . Investigation 2 | . 2 . . Extermination . | . . . . Reinforcement 2 | . 2 . . Assault . | . . . . Garrison . | . . . . Intercept . | . . . . Searches Triggered . | . . . . Construction Impeded . | . . . . Haulers Reinforced . | . . . . Active Scanning Responses . | . . . . Cargo Convoy Interrupts . | . . . . Stealth | -11 -10 -10 -7 --------- Run | Yrd Mat Sub Rec Distress Signals 3 | . 3 . . Communications Jammed . | . . . . Distress Signals . | . . . . Times Spotted 81 | . 28 52 1 Peak Tracking Total 6 | . 5 6 1 Tactical Retreats 7 | . . 7 . Traps | -11 -10 -10 -7 ------- Run | Yrd Mat Sub Rec Traps Triggered 1 | . 1 . . Indirectly . | . . . . Trap Hack Attempts . | . . . . Triggered . | . . . . Disarmed . | . . . . Reprogrammed . | . . . . Reused . | . . . . Traps Extracted . | . . . . Installed . | . . . . Triggered . | . . . . Machines | -11 -10 -10 -7 ---------- Run | Yrd Mat Sub Rec Machines Disabled 4 | . 1 3 . Max in Single Turn 3 | . 1 3 . Machines Repaired . | . . . . Machines Dismantled . | . . . . Machines Sabotaged . | . . . . Overloaded Fab Kills . | . . . . Hacking | -11 -10 -10 -7 --------- Run | Yrd Mat Sub Rec Machines Accessed 6 | . 6 . . Terminals 4 | . 4 . . Fabricators . | . . . . Repair Stations . | . . . . Recycling Units 2 | . 2 . . Scanalyzers . | . . . . Garrison Access . | . . . . Total Hacks 19 | . 19 . . Successful 5 | . 5 . . Failed 14 | . 14 . . Catastrophic 2 | . 2 . . Database Lockouts . | . . . . Manual 11 | . 11 . . Terminals 12 | . 12 . . Fabricators . | . . . . Repair Stations . | . . . . Recycling Units 7 | . 7 . . Scanalyzers . | . . . . Garrison Access . | . . . . Terminal Hacks 3 | . 3 . . Terminal Index 1 | . 1 . . Unreport Threat 1 | . 1 . . Recall Investigation 1 | . 1 . . Fabricator Hacks . | . . . . Repair Station Hacks . | . . . . Recycling Unit Hacks 1 | . 1 . . Retrieve Components 1 | . 1 . . Scanalyzer . | . . . . Garrison Access Hacks . | . . . . Unauthorized Hacks 1 | . 1 . . Terminals . | . . . . Fabricators . | . . . . Repair Stations . | . . . . Recycling Units 1 | . 1 . . Tunnel 1 | . 1 . . Scanalyzers . | . . . . Garrison Access . | . . . . Data Cores Recovered . | . . . . Used . | . . . . Hacking Detections 6 | . 6 . . Full Trace Events 2 | . 2 . . Feedback Events . | . . . . Feedback Blocked . | . . . . Robot Schematics Acquired . | . . . . Robots Built . | . . . . Authchips . | . . . . Time . | . . . . Total Robot Build Rating . | . . . . Part Schematics Acquired . | . . . . Parts Built . | . . . . Authchips . | . . . . Time . | . . . . Total Part Build Rating . | . . . . Parts Repaired . | . . . . Time . | . . . . Parts Recycled . | . . . . Recycled Matter . | . . . . Retrieved Matter . | . . . . Retrieved Components 9 | . 9 . . Parts Scanalyzed . | . . . . Part Schematics Acquired . | . . . . Parts Damaged . | . . . . Bothacking | -11 -10 -10 -7 ------------ Run | Yrd Mat Sub Rec Used RIF Installer . | . . . . Robots Hacked . | . . . . Non-combat . | . . . . Combat . | . . . . Robot Hacks Applied . | . . . . Relay Couplers Released . | . . . . Fabnet Peak Effective % . | . . . . Robots Rewired . | . . . . Allies Hacked . | . . . . Hacks Repelled . | . . . . Allies | -11 -10 -10 -7 -------- Run | Yrd Mat Sub Rec Total Allies . | . . . . Largest Group . | . . . . Highest-Rated Group . | . . . . Highest-Rated Ally . | . . . . Total Orders . | . . . . Ally Attacks . | . . . . Total Damage . | . . . . Kills . | . . . . Allies Corrupted . | . . . . Allies Melted . | . . . . Intel | -11 -10 -10 -7 ------- Run | Yrd Mat Sub Rec Robot Analysis Total . | . . . . Derelict Logs Recovered 2 | . . 2 . Drone Launches . | . . . . Drone Recoveries . | . . . . Exploration | -11 -10 -10 -7 ------------- Run | Yrd Mat Sub Rec Turns Passed 4081 | . 1611 2418 52 Spaces Moved 2201 | 1 840 1345 15 Core . | . . . . Treads 2200 | . 840 1345 15 Legs 1 | 1 . . . Wheels . | . . . . Hover . | . . . . Flight . | . . . . Fastest Speed 120 | 120 160 160 160 Average Speed 159 | 120 160 160 160 Slowest Speed 160 | 120 160 160 160 Overloaded Moves . | . . . . Propulsion Burnouts . | . . . . Robots Hopped . | . . . . Cave-ins Triggered . | . . . . Exploration Rate (%) 41 | 2 92 64 9 Regions Visited 3 Branch Regions 2 Pre-discovered Areas 3 | . 1 2 . Known Exits Taken . | . . . . Unknown Exits Taken 3 | 1 1 1 . Scrap Searched 6 | . . 6 . Spaces Dug 15 | . 15 . . Terrain Destroyed 77 | . 18 59 . Melee . | . . . . Projectile . | . . . . AOE 77 | . 18 59 . Terrain Rammed . | . . . . Walls Destroyed . | . . . . Machines Disabled . | . . . . Actions | -11 -10 -10 -7 --------- Run | Yrd Mat Sub Rec Total 2568 | . 1010 1531 27 Wait 96 | . 51 45 . Move 2198 | . 839 1344 15 Hop . | . . . . Pick Up 51 | . 21 30 . Fast Attach 9 | . 1 8 . Attach 11 | . 3 7 1 Detach . | . . . . Swap 33 | . 16 16 1 Drop 42 | . 19 23 . Fire 105 | . 57 47 1 Melee 16 | . 3 4 9 Ram . | . . . . Kick . | . . . . Crush . | . . . . Escape Stasis . | . . . . Rewire . | . . . . Trap . | . . . . Miscellaneous 7 | . . 7 . Route ------- -11/Scrapyard -10/Materials (discovered 6 exits: [*Mat x3] / [*Min x2] / [*Sub]) -10/Subcaves -7/Recycling History --------- Turn | Location | Event 1 | -11/Scrapyard | Discovered new exit (range 0) 1 | -11/Scrapyard | Entered Materials 266 | -10/Materials | Discovered new exit (range 12) 304 | -10/Materials | Build established: Mutant 342 | -10/Materials | Discovered new exit (range 10) 357 | -10/Materials | Core integrity fell below 50% 430 | -10/Materials | Discovered new exit (range 15) 763 | -10/Materials | Discovered new exit (range 7) 900 | -10/Materials | Discovered new exit (range 9) 1598 | -10/Materials | Discovered new exit (range 9) 1612 | -10/Materials | Entered Subcaves 2684 | -10/Subcaves | Learned location of Zion (-7) 2710 | -10/Subcaves | A Subdweller sparked back to life 2710 | -10/Subcaves | A Subdweller sparked back to life 2710 | -10/Subcaves | A Subdweller sparked back to life 2735 | -10/Subcaves | Build established: Subdweller-Mutant 2743 | -10/Subcaves | Found Prototype Device 2773 | -10/Subcaves | Learned location of Recycling (-7) 2813 | -10/Subcaves | Identified Power Bank 2814 | -10/Subcaves | Attached Power Bank, gained temporary slots: Power x3 2862 | -10/Subcaves | Core integrity fell below 20% 2890 | -10/Subcaves | Lost 3 parts (2n1w) 3072 | -10/Subcaves | Build established: Mutant 3795 | -10/Subcaves | Discovered new exit (range 11) 4030 | -10/Subcaves | Entered Recycling 4082 | -7/Recycling | Destroyed by Y-54 Guardian with Gatling Laser Last Messages --------------- 03855_ Dropped Scrap Shield. 03857_ Acquired Lrg. Storage Unit. 03887_ Acquired Multitool. 03914_ 6R-68G(u) deconstructs Twisted Machinery. 03916_ Acquired Datajack. 03918_ Acquired Wheel. 03922_ Acquired Signal Interpreter. 03925_ Acquired Lgt. Assault Rifle. 03931_ Acquired Hcp. Storage Unit. 03935_ Acquired Propulsion Shielding. 04018_ Autobeam Turret destroyed. 04019_ Acquired 8 matter. 04022_ Acquired 1 matter. A mysterious object appears at your location! LOCATION=UNKNOWN GOAL=ESCAPE 04057_ Y-54 Guardian springs to life. 04057_ Multitool destroyed. 04069_ Imp. Ion Engine destroyed. 04076_ Sub. Machine Gun destroyed. Map ----- +----------------------------------------------------+ | ???????????????????????????????????????????? | | ???????????????????????????????????????????? | | ???????????????????????????????????????????? | | ???????????????????????????????????????????? | | ???????????????????????????????????????????? | | ???????????????????????????????????????????? | | ???????????????????????????????????????????? | | ???????????????????????????????????????????? | | ???????????????????????????????????????????? | | ???????????????????????????????????????????? | | ?????????????? ??????????????????????????? | | ?????????????# ??????????????????????????? | | ?????????????# ??????????????????????????? | | ?????????????# ?????????????????????????? | | ?????????????# ""T????????????????????????? | | ?????????????# """"???????????????????????? | | ?????????????# ????????????????????????? | | ?????????????+ ?????????????????????????? | | ?????????????# #?????????????????????????? | | ?????????????# ###???????????????????????? | | ?????????????# ""#???????????????????????? | | ??###???#+#### Y"#???????????????????????? | | ??# ???+ ""????????????????????????? | | ??" ??# #??##?????????????????????? | | ?#T ??# r ###Y######+#??????????????? | | ?#" ?# @ r????????? | | ?## " ?+ ????????? | | ?"" """ # ????????? | | ?"" "" # #####+#########+##+###?????????? | | ?"T """ + #??????????????????????????????? | | #"" "" # #??????????????????????????????? | | ?"" """ # #??????????????????????????????? | | ??# """?# #??????????????????????????????? | | ??# """?# ! #??????????????????????????????? | | ??# "??# #??????????????????????????????? | | ??? ??#####??????????????????????????????? | | ??? ??????????????????????????????????????? | | ??#????????????????????????????????????????? | | ???????????????????????????????????????????? | | ???????????????????????????????????????????? | | ???????????????????????????????????????????? | | ???????????????????????????????????????????? | | ???????????????????????????????????????????? | | ???????????????????????????????????????????? | | ???????????????????????????????????????????? | | ???????????????????????????????????????????? | | ???????????????????????????????????????????? | | | | | | | +----------------------------------------------------+ Best States ------------- Heat Dissipation 39 Energy Generation 12 Energy Capacity 265 Matter Stores 300 Matter Capacity 300 Sight Range 21 Terrain Scan Density 10 Armor Coverage 800 Evasion (%) 40 Recoil Reduction 2 Item Schematics ----------------- None Robot Schematics ------------------ None Fabricated ------------ Nothing Alien Tech Used ----------------- None Achievements -------------- None Challenges ------------ None Game ------ Seed GravitonAerolevArmor Manual? 0 Play Time 00:23:55 Cumulative 250.5 hours Start 2024.04.05 @ 19:50:41 End 2024.04.05 @ 23:51:01 Sessions 3 Manual Loads 0 Difficulty Rogue Special Mode None Game No. 324 Rogue 324 Adventurer 0 Explorer 0 Win Type - Total 8 Types 1/1/5/0/0/0/1/0/0 Lore% 78 Gallery% 85 Achievement% 69 Wizard Run 0 Options --------- Layout 0 ASCII 0 Keyboard 0 Movement Numpad Keybinds 0 Fullscreen 2 Font 18/SmallcapsGlow Map View 76x50 Zoom Use 0% Tactical HUD 1 Map Filters NONE Filters NONE Steam 1 RUN: eaa77d67-bfab-4578-a57b-51d158900387